 Dungeon Crawl Stone Soup version 0.21.1-1-g345015f (webtiles) character file.

5053 JrNeurotic the Geomancer (level 10, -15/61 HPs)
             Began as a Formicid Earth Elementalist on July 9, 2018.
             Was a Believer of Hepliaklqana.
             Demolished by an orc warrior
             ... wielding a +0 glaive
              (19 damage)
             ... on level 13 of the Dungeon.
             The game lasted 01:11:44 (6377 turns).

JrNeurotic the Geomancer (FoEE)                     Turns: 6377, Time: 01:11:45

Health: -15/61     AC: 12    Str: 17    XL:     10   Next: 85%
Magic:  23/23      EV: 11    Int: 17    God:    Hepliaklqana [**....]
Gold:   85         SH:  0    Dex:  8    Spells: 23/27 levels left

rFire    . . .     SeeInvis +   v - +3 dagger (venom)
rCold    . . .     Gourm    .   (no shield)
rNeg     . . .     Faith    .   q - +3 leather armour {MR+}
rPois    +         Spirit   .   (helmet unavailable)
rElec    .         Reflect  .   X - +0 cloak
rCorr    .         Harm     .   j - +2 pair of gloves
MR       +++..                  a - +0 pair of boots
Stlth    ++........             r - amulet of regeneration
HPRegen  0.60/turn              W - ring of Doipycru {*Tele rPois MR+ Str+3 Dex-3}
MPRegen  0.18/turn              (no ring)

@: no status effects
A: permanent stasis, dig shafts and tunnels, four strong arms, reduced essence,
antennae 3
a: Dig, Shaft Self, Recall Ancestor, Ancestor Identity, Renounce Religion


You were on level 13 of the Dungeon.
You worshipped Hepliaklqana.
Hepliaklqana was pleased with you.
You were not hungry.

You visited 2 branches of the dungeon, and saw 13 of its levels.
You also visited: Ossuary.

You collected 376 gold pieces.
You spent 291 gold pieces at shops.

Inventory:

Hand Weapons
 v - a +3 dagger of venom (weapon)
 w - a +0 shortbow
 M - a +0 dagger of holy wrath
 R - a +2 whip of electrocution
 S - a cursed -1 dagger
 U - a +3 dagger of distortion
Missiles
 b - 28 sling bullets
 n - 7 tomahawks
 p - 8 poisoned tomahawks
 A - 164 arrows
 H - 110 stones (quivered)
 N - 3 needles of confusion
Armour
 a - a +0 pair of boots (worn)
 f - a +0 chain mail
 j - a +2 pair of gloves (worn)
 o - a +2 chain mail of fire resistance
 q - a +3 leather armour of magic resistance (worn)
 L - a +2 robe of positive energy
 T - a +4 chain mail
 V - a +1 robe of magic resistance
 X - a +0 cloak (worn)
Jewellery
 r - an amulet of regeneration (around neck)
 J - an uncursed amulet of faith
 W - the ring of Doipycru (left hand) {*Tele rPois MR+ Str+3 Dex-3}
   (You bought it in a shop on level 9 of the Dungeon)

   [ring of teleportation]

   It may teleport you next to monsters.
   It affects your strength (+3).
   It affects your dexterity (-3).
   It protects you from poison.
   It affects your resistance to hostile enchantments.
Wands
 d - a wand of scattershot (12)
 I - a wand of flame (41)
 Q - a wand of clouds (2)
Scrolls
 l - 3 scrolls of fog
 s - 9 scrolls of remove curse
 C - a scroll of immolation
 F - 10 scrolls of identify
 O - 2 scrolls of amnesia
 Y - a scroll of holy word {unknown}
Potions
 h - a potion of agility
 i - 2 potions of might
 m - a potion of haste
 u - 2 potions of mutation {unknown}
 B - 11 potions of degeneration {unknown}
 D - a potion of flight {unknown}
 E - a potion of brilliance {unknown}
 G - a potion of ambrosia {unknown}
Books
 e - a book of Geomancy

   Spells                             Type                      Level
   a - Sandblast                      Earth                        1
   b - Passwall                       Transmutation/Earth          2
   c - Stone Arrow                    Conjuration/Earth            3
   d - Petrify                        Transmutation/Earth          4
   e - Lee's Rapid Deconstruction     Earth                        5
 t - a book of Clouds

   Spells                             Type                      Level
   a - Poisonous Vapours              Poison/Air                   2
   b - Mephitic Cloud                 Conjuration/Poison/Air       3
   c - Conjure Flame                  Conjuration/Fire             3
   d - Freezing Cloud                 Conjuration/Ice/Air          6
   e - Ring of Flames                 Charms/Fire                  7
Comestibles
 z - 10 rations
 P - 17 chunks of flesh


   Skills:
 + Level 2.7 Fighting
 + Level 3.8 Short Blades
 * Level 6.0 Armour
 - Level 1.8 Dodging
 + Level 4.6 Stealth
 * Level 9.0 Spellcasting
 + Level 3.6 Conjurations
   Level 1.1 Transmutations
 * Level 10.8 Earth Magic


You had 23 spell levels left.
You knew the following spells:

 Your Spells              Type           Power        Failure   Level  Hunger
a - Sandblast             Erth           #####.       1%          1    None
b - Stone Arrow           Conj/Erth      ####..       1%          3    None


Dungeon Overview and Level Annotations

Branches:
Dungeon (11/15)            Temple (1/1) D:5
   Lair: D:8-11         Orc: D:9-12

Altars:
Cheibriados
Dithmenos
Elyvilon
Gozag
Hepliaklqana
Kikubaaqudgha
Makhleb
Nemelex Xobeh
Okawaru
Qazlal
Ru
Sif Muna
Vehumet
Wu Jian
Xom
Yredelemnul
Zin
The Shining One

Shops:
D:9 =*

Annotations:
D:11 Harold


Innate Abilities, Weirdness & Mutations

You cannot be hasted, slowed, berserked, paralysed or teleported.
You can dig through walls and to a lower floor.
Your four strong arms can wield two-handed weapons with a shield.
You have a pair of large antennae on your head. (SInv)
Your life essence is reduced to manifest your ancestor. (-10% HP)


Message History

MrFool barely misses the slime creature.
The orc priest looks encouraged for a moment.
MrFool blocks the slime creature's attack.
You hit the orc priest.
The orc priest is poisoned.
The orc priest is lightly wounded.
MrFool hits the slime creature with a flail!
The orc priest closely misses you.
The slime creature barely misses MrFool.
You hit the orc priest.
The orc priest looks as sick as possible!
The orc priest is heavily wounded.
The orc priest mumbles some strange prayers to Beogh against you.
Beogh smites you!
* * * LOW HITPOINT WARNING * * *
The slime creature hits MrFool.
You hear a shout! x2
You hit the orc priest.
The orc priest is severely wounded.
The orc warrior hits you from afar with a glaive!!
You die...

)..
#...#.######.
###
###.KKo......
###o####### #J#
#R#
#######.#######
........o.{{${o
#######o#######
#@# #.# #.# #.#
#.# #.# #.# #.#


You could see the friendly MrFool the knight, a slime creature, an orc warrior,
a big kobold, 2 orc priests, an orc and a kobold.

Vanquished Creatures
  Pikel (D:6)
  Psyche (D:9)
  A troll (D:11)
  A hornet (D:10)
  Grinder (D:6)
  A shadow (D:11)
  Menkaure (D:6)
  2 ice beasts
  2 orc warriors
  2 slaves (D:6)
  3 phantoms
  3 centaurs
  An ogre (D:7)
  A big kobold (D:10)
  3 bullfrogs
  A scorpion (D:11)
  2 crimson imps (D:6)
  3 hounds
  A human zombie (Ossuary)
  A centaur skeleton (D:5)
  An iguana (D:6)
  2 orc wizards (D:5)
  5 worker ants
  2 big kobold zombies (Ossuary)
  3 mummies (Ossuary)
  12 adders
  A gnoll (D:5)
  2 shadow imps
  4 oozes
  An adder zombie (D:5)
  4 adder skeletons
  3 worms
  3 dart slugs
  10 leopard geckos
  26 orcs
  2 giant cockroaches
  A gnoll zombie (Ossuary)
  7 goblins
  7 hobgoblins
  5 jackals
  10 kobolds
  6 quokkas
  5 ball pythons
  7 bats
  5 frilled lizards
  A giant cockroach zombie (D:6)
  A goblin zombie (Ossuary)
  2 jackal skeletons
  A kobold zombie (Ossuary)
  2 orc zombies (Ossuary)
  A quokka zombie (D:5)
  10 rats
184 creatures vanquished.

Vanquished Creatures (collateral kills)
  A troll (D:10)
  An orc warrior (D:9)
  A hornet zombie (D:9)
  An ice beast (D:7)
  A slave (D:6)
  A centaur (D:10)
  A bullfrog (D:10)
  3 crimson imps
  2 howler monkeys
  A jelly (D:11)
  2 bullfrog zombies
  2 orc priests
  A bullfrog skeleton (D:6)
  3 hounds
  A centaur skeleton (D:5)
  An iguana (D:7)
  An orc wizard (D:5)
  A hound skeleton (D:9)
  3 adders
  A shadow imp (D:5)
  An ooze (D:6)
  15 orcs
  2 quokkas
  2 kobolds (D:10)
49 creatures vanquished.

Vanquished Creatures (others)
  An ogre (D:6)
  4 knights
  3 ancestors
8 creatures vanquished.

Grand Total: 241 creatures vanquished

Notes
Turn   | Place    | Note
-------+----------+-------------------------------------------
     0 | D:1      | JrNeurotic the Formicid Earth Elementalist began the quest for the Orb.
     0 | D:1      | Reached XP level 1. HP: 13/13 MP: 3/3
   108 | D:1      | Reached skill level 4 in Earth Magic
   108 | D:1      | Reached XP level 2. HP: 15/19 MP: 0/5
   511 | D:1      | Reached XP level 3. HP: 24/24 MP: 2/7
   837 | D:2      | Reached skill level 1 in Fighting
   867 | D:2      | Reached XP level 4. HP: 32/32 MP: 1/8
  1093 | D:2      | Found a faded altar of an unknown god.
  1169 | D:2      | Reached skill level 5 in Earth Magic
  1584 | D:3      | Learned a level 3 spell: Stone Arrow
  1595 | D:3      | Reached XP level 5. HP: 37/37 MP: 7/10
  2163 | D:3      | Reached skill level 1 in Armour
  2187 | D:3      | Reached XP level 6. HP: 43/43 MP: 9/11
  2329 | D:4      | Found a sand-covered staircase.
  2346 | Ossuary  | Entered an ossuary
  2388 | Ossuary  | Reached skill level 6 in Earth Magic
  2655 | D:4      | Found a white marble altar of Elyvilon.
  2664 | D:4      | Reached XP level 7. HP: 48/48 MP: 1/13
  2988 | D:5      | Entered Level 5 of the Dungeon
  2988 | D:5      | Found an ornate altar of the Wu Jian Council.
  2994 | D:5      | Noticed a hippogriff
  3005 | D:4      | Reached skill level 7 in Earth Magic
  3034 | D:5      | Found a hazy altar of Hepliaklqana.
  3059 | D:5      | Became a worshipper of Hepliaklqana the Forgotten
  3380 | D:5      | Reached skill level 5 in Spellcasting
  3403 | D:5      | Reached XP level 8. HP: 48/48 MP: 6/15
  3464 | D:5      | Reached skill level 1 in Short Blades
  3501 | D:5      | Reached skill level 1 in Conjurations
  3528 | D:5      | Found a staircase to the Ecumenical Temple.
  3585 | Temple   | Entered the Ecumenical Temple
  3749 | D:5      | Reached skill level 8 in Earth Magic
  4295 | D:6      | Reached * piety under Hepliaklqana
  4318 | D:6      | Noticed Menkaure
  4327 | D:6      | Killed Menkaure
  4327 | D:6      | Reached XP level 9. HP: 26/54 MP: 13/18
  4406 | D:6      | Noticed Pikel
  4425 | D:6      | Killed Pikel
  4425 | D:6      | Reached skill level 9 in Earth Magic
  4625 | D:6      | Found a sparkling altar of Nemelex Xobeh.
  4625 | D:6      | Found a snail-covered altar of Cheibriados.
  4625 | D:6      | Found a glowing golden altar of the Shining One.
  4626 | D:6      | Found a burning altar of Makhleb.
  4688 | D:6      | Noticed Grinder
  4704 | D:6      | Killed Grinder
  5082 | D:7      | Noticed a hippogriff
  5144 | D:8      | Reached skill level 5 in Armour
  5209 | D:8      | Reached ** piety under Hepliaklqana
  5239 | D:8      | Remembered your ancestor MrFool as a knight
  5317 | D:8      | Noticed a two-headed ogre
  5387 | D:9      | Reached XP level 10. HP: 60/60 MP: 18/21
  5417 | D:9      | Noticed Psyche
  5427 | D:9      | Killed Psyche
  5445 | D:9      | Reached skill level 10 in Earth Magic
  5499 | D:9      | Found Der Ybige's Jewellery Boutique.
  5508 | D:9      | Bought the ring of Doipycru {*Tele rPois MR+ Str+3 Dex-3} for 291 gold pieces
  5578 | D:9      | Found Hosead's Assorted Antiques.
  5635 | D:9      | Noticed a two-headed ogre
  5676 | D:10     | Entered Level 10 of the Dungeon
  5995 | D:10     | You fall through a shaft!
  6325 | D:11     | Noticed Harold
  6334 | D:11     | You fall through a shaft for 2 floors!
  6376 | D:13     | HP: 3/61 [orc priest/divine providence (9)]
  6377 | D:13     | Demolished by an orc warrior

Skill      XL: |  1  2  3  4  5  6  7  8  9 10 |
---------------+-------------------------------+-----
Earth Magic    | 4 5 6 7 8 9 10 | 10.8
Spellcasting   | 3 4 5 6 7 9 |  9.0
Fighting       | 1 2 |  2.7
Armour         | 1 2 3 5 6 |  6.0
Short Blades   | 2 3 |  3.8
Conjurations   | 1 2 3 |  3.6
Stealth        | 3 4 |  4.6
Dodging        | |  1.8
Transmutations | |  1.1

Action                   |  1- 3 |  4- 6 |  7- 9 | 10-12 || total
-------------------------+-------+-------+-------+-------++-------
Melee: Whip              |    12 |    30 |       |       ||    42
       Dagger            |       |    52 |   134 |    75 ||   261
 Cast: Sandblast         |    40 |    97 |     9 |     2 ||   148
       Stone Arrow       |       |     9 |    64 |    42 ||   115
Invok: Ancestor Identity |       |       |     1 |       ||     1
       Recall Ancestor   |       |       |     1 |     1 ||     2
       Ancestor Life: Kn |       |       |     1 |       ||     1
 Abil: Dig               |       |       |       |     2 ||     2
       Shaft Self        |       |       |       |     1 ||     1
  Use: Scroll            |     4 |     8 |     7 |     3 ||    22
       Potion            |     1 |     3 |     1 |    12 ||    17
 Stab: Sleeping          |       |     1 |     2 |       ||     3
       Distracted        |       |       |     1 |       ||     1
  Eat: Chunk             |       |     2 |    13 |     4 ||    19
       Ration            |       |     1 |       |       ||     1
Armor: Chain mail        |    14 |     7 |       |       ||    21
       Robe              |     2 |    14 |       |       ||    16
       Leather armour    |       |    17 |    67 |    43 ||   127
Dodge: Dodged            |    18 |    51 |   108 |    62 ||   239
